 Dungeon Crawl Stone Soup version 0.31.0-4-g52a2dc7128 (webtiles) character file.

Game seed: 2778072740345882418

72 Gobbopathe the Changeling (level 4, -7/29 HPs)
             Began as an Octopode Shapeshifter on Jan 21, 2024.
             Killed by divine providence
             ... invoked by an orc priest
              (12 damage)
             ... on level 3 of the Dungeon.
             The game lasted 00:03:15 (1732 turns).

Gobbopathe the Changeling (Octopode Shapeshifter)   Turns: 1732, Time: 00:03:15

Health: -7/29      AC:  1    Str: 15    XL:     4   Next: 25%
Magic:  4/4        EV: 13    Int: 12    God:
Gold:   45         SH:  0    Dex: 11    Spells: 3/3 levels left

rFire   + .          .
                       - Unarmed
rCold   . . .        (no shield)
rNeg    . . .        (helmet currently unavailable)
rPois   .            (no amulet)
rElec   .            k - ring of protection from fire
rCorr   .            (no ring)
SInv    .            (no ring)
Will    .....        (no ring)
Stlth   +++          (no ring)
HPRegen 0.24/turn    (no ring)
MPRegen 0.09/turn    (no ring)
                     (no ring)

%: no passive effects
@: beast-form
A: beast (slay +2), almost no armour, amphibious, 8 rings, camouflage 1,
gelatinous body 1, (nimble swimmer 1), tentacles
a: Begin Untransformation


You were on level 3 of the Dungeon.
You were a hulking beast.
You visited 1 branch of the dungeon, and saw 3 of its levels.

You collected 45 gold pieces.

Inventory:

Missiles
 d - 32 stones (quivered)
 m - 2 curare-tipped darts
Armour
 i - a +2 hat
Magical Staves
 f - a staff of death
Jewellery
 k - a ring of protection from fire (left tentacle)
Talismans
 b - a beast talisman
 c - a flux talisman
Scrolls
 h - a scroll of fog {unknown}
 j - a scroll of acquirement {unknown}
 l - 3 scrolls of enchant armour {unknown}
Potions
 a - a potion of lignification
 e - a potion of haste {unknown}
 g - a potion of heal wounds {unknown}


   Skills:
 * Level 2.1 Fighting
 + Level 2.4 Dodging
 + Level 1.8 Stealth
 + Level 3.2 Unarmed Combat
 * Level 3.6 Shapeshifting


You had 3 spell levels left.
You didn't know any spells.
Your spell library was empty.

Dungeon Overview and Level Annotations

Branches:
Dungeon (3/15) Zot: 16274

Altars:


Innate Abilities, Weirdness & Mutations

You are a hulking beast.
Your limbs bulge with bestial killing power. (Slay +2)
You cannot wear most types of armour.
You are amphibious.
You can wear up to eight rings at the same time.
Your skin changes colour to match your surroundings (Stealth+).
Your rubbery body absorbs attacks. (AC +1, EV +1)
((You are camouflaged when in or above water. (Stealth+)))
You have tentacles for arms and can constrict up to eight enemies at once.


Message History

You kill the jackal!
You tentacle-slap the frilled lizard. Your grab misses the frilled lizard.
The frilled lizard is heavily wounded.
The frilled lizard bites you.
You tentacle-slap the frilled lizard.
You kill the frilled lizard!
The jackal misses you.
You closely miss the jackal. You grab the jackal. You tentacle-slap the jackal.
The jackal is almost dead.
You constrict the jackal.
You kill the jackal!
No target in view!
No target in view!
HP restored.
You now have 45 gold pieces (gained 16).
An orc priest comes into view. It is wielding a +0 war axe.
The orc priest shouts!
An orc wizard comes into view. It is wielding a +0 dagger.
A kobold comes into view. It is wielding a +0 dagger.
An orc comes into view. It is wielding a +0 hand axe.
An orc comes into view. It is wielding a +0 dagger.
The orc priest looks satisfied for a moment.
The orc priest hits you with a +0 war axe!
You closely miss the orc priest. You grab the orc priest.
You constrict the orc priest.
The orc priest hits you with a +0 war axe.
A kobold comes into view. It is wielding a +0 whip.
The kobold shouts!
You tentacle-slap the orc priest but do no damage.
You constrict the orc priest.
You hear a shout!
The orc priest calls down the wrath of Beogh upon you.
Beogh smites you!
* * * LOW HITPOINT WARNING * * *
You tentacle-slap the orc priest. You squeeze the orc priest.
The orc priest is moderately wounded.
You constrict the orc priest.
The orc priest mumbles some strange prayers to Beogh against you.
Beogh smites you!
You die...

.......##†#####.#.....#
......................####
.......##.#####).........#
#....####.# ##......#
##...# #.# #......# ##..#
#.# #†##.### ..## #.#
#.##.# #.######.##.####.#
#.......h........#
#########o.####### #..#
#..# #..# #..## #..K#
#......# ....###.#


You could see an orc priest and a kobold.

Vanquished Creatures
  An adder (D:2)
  3 dart slugs
  6 ball pythons
  4 endoplasms
  6 giant cockroaches
  3 goblins (D:1)
  4 hobgoblins
  5 jackals
  2 quokkas
  6 bats
  A frilled lizard (D:3)
  3 kobolds
  5 rats
49 creatures vanquished.

Notes
Turn   | Place    | Note
-------+----------+-------------------------------------------
     0 | D:1      | Gobbopathe the Octopode Shapeshifter began the quest for
                  | the Orb.
     0 | D:1      | Reached XP level 1. HP: 13/13 MP: 1/1
    36 | D:1      | Reached XP level 2. HP: 16/18 MP: 2/2
    79 | D:1      | Found a faded altar of an unknown god.
   132 | D:1      | Reached skill level 1 in Stealth
   226 | D:1      | Reached XP level 3. HP: 21/23 MP: 3/3
  1151 | D:2      | Reached XP level 4. HP: 26/29 MP: 4/4
  1732 | D:3      | Killed from afar by an orc priest

Illustrated notes

Levels and vault maps discovered:
D:1:      dpeg_arrival_radiant, layout_loops_ring, basic_ecumenical_altar,
          minmay_unequal
D:2:      layout_rooms, serial_co_window_serial, co_window_paths_a,
          co_window_of_opportunity_a, co_window_paths_b,
          co_window_of_opportunity_a, co_window_paths_a, co_window_2corner,
          co_window_2corner, co_window_paths_c, co_window_broadway_c,
          co_window_unsneaky_path_d, glass_columns_a, glass_columns_b,
          glass_columns_a, glass_columns_a, glass_columns_a
D:3:      layout_loops_ring, mainiacjoe_overflow_alcove_2,
          amcnicky_mini_pool_small

Skill      XL: |  1  2  3 |
---------------+----------+-----
Stealth        | 1 |  1.8
Fighting       | 2 |  2.1
Dodging        | |  2.4
Unarmed Combat | |  3.2
Shapeshifting  | |  3.6

Action                     |  1- 3 |  4- 6 || total
---------------------------+-------+-------++-------
  Melee: Unarmed           |    76 |    23 ||    99
         Constrict         |    25 |     7 ||    32
         Tentacles         |    15 |     3 ||    18
         Punch             |     2 |     1 ||     3
   Stab: Sleeping          |     8 |     2 ||    10
 Armour: Skin              |    26 |     7 ||    33
  Dodge: Dodged            |    52 |    11 ||    63
